 Dungeon Crawl Stone Soup version 0.30-a0-365-ge7f957f1db (webtiles) character file.

Game seed: 15223664591924401650

125137 mopl the Scorcher (level 16, 0/124 HPs)
             Began as a Pale Draconian Fire Elementalist on Nov 16, 2022.
             Was a High Priest of Vehumet.
             Killed from afar by a deep elf zephyrmancer (28 damage)
             ... with a bolt of lightning
             ... on level 1 of the Elven Halls.
             The game lasted 01:28:36 (27423 turns).

mopl the Scorcher (DrFE)                           Turns: 27423, Time: 01:28:36

Health: 0/124      AC: 16    Str: 10    XL:     16   Next: 40%
Magic:  18/40      EV: 13    Int: 22    God:    Vehumet [*****.]
Gold:   2758       SH: 11    Dex: 14    Spells: 4/38 levels left

rFire   . . .      SeeInvis .    a - staff of conjuration
rCold   . . .      Faith    .    I - +0 kite shield
rNeg    . . .      Spirit   .    (body armour unavailable)
rPois   +          Reflect  .    (helmet restricted)
rElec   .          Harm     .    t - +0 cloak of Upioqiamy {rPois Will+ MP+9}
rCorr   .          Rampage  .    R - +0 pair of gloves
Will    +++..                    o - +0 pair of boots
Stlth   ++........               n - amulet of regeneration
HPRegen 1.20/turn                w - ring of willpower
MPRegen 0.27/turn                C - +4 ring of protection

@: studying Staves
A: breathe steam, AC +9, unfitting armour, cold-blooded, steam resistance
a: Breathe Steam, Renounce Religion


You were on level 1 of the Elven Halls.
You worshipped Vehumet.
Vehumet was extremely pleased with you.
You visited 5 branches of the dungeon, and saw 25 of its levels.
You also visited: Bailey, Gauntlet and Ice Cave.

You collected 2884 gold pieces.
You spent 126 gold pieces at shops.

Inventory:

Missiles
 x - 35 poisoned darts
 y - 7 curare-tipped darts
 G - 2 throwing nets
 Q - 5 javelins
Armour
 o - a +0 pair of boots (worn)
 t - the +0 cloak of Upioqiamy (worn) {rPois Will+ MP+9}
   (You found it in a Gauntlet)

   rPois:     It protects you from poison.
   MP:        It affects your magic capacity (+9).
   Will:      It increases your willpower.
 I - a +0 kite shield (worn)
 R - a +0 pair of gloves (worn)
Magical Staves
 a - a staff of conjuration (weapon)
 g - a staff of fire
Jewellery
 n - an amulet of regeneration (around neck)
 p - a ring of resist corrosion
 w - a ring of willpower (left hand)
 C - a +4 ring of protection (right hand)
 H - a ring of positive energy
Wands
 i - a wand of polymorph (28)
 B - a wand of paralysis (17)
 F - a wand of light (5)
 K - a wand of flame (30)
 M - a wand of mindburst (10)
Scrolls
 b - a scroll of enchant weapon
 d - 5 scrolls of immolation
 f - 6 scrolls of poison
 j - 9 scrolls of fear
 l - 8 scrolls of vulnerability
 r - 5 scrolls of magic mapping
 v - 3 scrolls of silence {!r}
 A - 5 scrolls of fog
 J - 18 scrolls of teleportation
 U - 2 scrolls of blinking
Potions
 c - a potion of resistance
 e - 8 potions of flight
 h - a potion of ambrosia
 k - 10 potions of curing
 q - 8 potions of heal wounds
 s - 6 potions of cancellation
 u - 3 potions of brilliance
 z - 5 potions of lignification {!q}
 D - 4 potions of might
 N - 2 potions of invisibility
 O - 3 potions of magic
 P - a potion of berserk rage {!q}
 T - a potion of haste
Miscellaneous
 m - a lightning rod (4/4)
 E - a phial of floods
 L - a condenser vane
 S - a box of beasts


   Skills:
 + Level 6.3 Fighting
 - Level 12.0 Staves
 + Level 5.7 Dodging
 - Level 1.7 Stealth
 + Level 9.6 Shields
 + Level 11.6 Spellcasting
 + Level 12.5 Conjurations
 - Level 3.0 Hexes
 - Level 3.0 Translocations
 - Level 5.0 Transmutations
 * Level 17.4 Fire Magic
 - Level 2.0 Air Magic
 + Level 10.3 Evocations


You had 4 spell levels left.
You knew the following spells:

 Your Spells              Type           Power      Damage    Failure   Level
a - Iskenderun's Mystic   Conj/Tloc      63%        2d13      1%          4
b - Scorch                Fire           100%       2d10      0%          2
c - Kindle Blastsparks    Fire/Tloc/Air  90%        2d17      1%          3
d - Flame Wave            Conj/Fire      87%        2d19      1%          4
e - Foxfire               Conj/Fire      100%       2x1d9     1%          1
f - Fireball              Conj/Fire      43%        3d17      1%          5
g - Starburst             Conj/Fire      43%        6d12      1%          6
h - Fulminant Prism       Conj/Hex       31%        3d15      1%          4
i - Irradiate             Conj/Tmut      33%        3d22      2%          5

Your spell library contained the following spells:

 Spells                   Type           Power      Damage    Failure   Level
 Lightning Bolt           Conj/Air       30%        1d47      4%          5
 Magic Dart               Conj           100%       1d8       1%          1
 Shock                    Conj/Air       100%       1d9       1%          1
 Searing Ray              Conj           100%       2d8       1%          2
 Dazzling Flash           Conj/Hex       100%       N/A       1%          3
 Hailstorm                Conj/Ice       57%        3d12      1%          3
 Inner Flame              Hex/Fire       55%        N/A       1%          3
 Stone Arrow              Conj/Erth      100%       3d13      1%          3
 Sticky Flame             Conj/Fire      87%        2d10      1%          4
 Apportation              Tloc           52%        N/A       3%          1
 Sandblast                Erth           24%        2d8       3%          1
 Passwall                 Tmut/Erth      19%        N/A       6%          2
 Ensorcelled Hibernation  Hex/Ice        38%        N/A       10%         2
 Necrotise                Necr           48%        1d6       12%         1
 Summon Small Mammal      Summ           48%        N/A       12%         1
 Airstrike                Air            10%        2d(2-18)  13%         4
 Swiftness                Air            21%        N/A       16%         3
 Summon Guardian Golem    Hex/Summ       19%        N/A       19%         3
 Call Canine Familiar     Summ           12%        N/A       34%         3
 Ice Form                 Ice/Tmut       23%        N/A       38%         4
 Petrify                  Tmut/Erth      23%        N/A       38%         4
 Leda's Liquefaction      Hex/Erth       9%         N/A       54%         4
 Freezing Cloud           Conj/Ice/Air   25%        6-21      12%         5
 Orb of Destruction       Conj           40%        9d11      16%         7
 Blade Hands              Tmut           17%        N/A       38%         5
 Lee's Rapid Deconstruct  Erth           6%         3d6*      58%         5
 Silence                  Hex/Air        11%        N/A       75%         5
 Spellforged Servitor     Conj/Summ      28%        N/A       85%         7
 Metabolic Englaciation   Hex/Ice        9%         N/A       87%         5
 Agony                    Necr           12%        N/A       97%         5
 Simulacrum               Ice/Necr       6%         N/A       100%        6
 Statue Form              Tmut/Erth      15%        N/A       100%        6
 Dragon Form              Tmut           17%        N/A       100%        7
 Storm Form               Tmut/Air       14%        N/A       100%        7
 Lehudib's Crystal Spear  Conj/Erth      28%        10d8      100%        8
 Polar Vortex             Ice            6%         N/A       100%        9
 Animate Armour           Summ/Erth      Unusable   N/A       N/A         4

Dungeon Overview and Level Annotations

Branches:
Dungeon (15/15)            Temple (1/1) D:6            Lair (5/5) D:8
  Swamp (0/4) Lair:3        Snake (0/4) Lair:2        Slime (0/5) Lair:4
    Orc (2/2) D:11            Elf (2/3) Orc:2        Vaults (0/5) D:14
 Depths (0/4) D:15         Bailey (visited)           IceCv (visited)
Gauntlet (visited)

Altars:
Ashenzari
Cheibriados
Dithmenos
Elyvilon
Fedhas
Hepliaklqana
Kikubaaqudgha
Makhleb
Nemelex Xobeh
Qazlal
Ru
Sif Muna
Trog
Uskayaw
Vehumet
Wu Jian
Xom
Yredelemnul
Zin
The Shining One

Shops:
D:9 (   Orc:2 [(*:

Portals:
Abyss: D:11

Annotations:
D:11 2 transporters, gabibbone's ghost, journeyman DrAE
D:12 dig
Orc:1 2 transporters


Innate Abilities, Weirdness & Mutations

You can breathe blasts of scalding, opaque steam.
Your pale cyan-grey scales are hard. (AC +9)
You cannot fit into any form of body armour.
You are cold-blooded and may be slowed by cold attacks.
You are immune to the effects of steam.


Message History

The +3 trident of protection falls from the air.
Vehumet accepts your kill.
Unknown command.
Unknown command.
You start resting.
A deep elf zephyrmancer is nearby!
A deep elf annihilator comes into view. It is wielding a +0 rapier.
The deep elf annihilator shouts!
The deep elf zephyrmancer gestures wildly while chanting.
The deep elf zephyrmancer blinks!
You see here a +3 trident of protection.
The deep elf annihilator casts a spell at you.
The iron shot hits you!!
Things that are here:
a +0 long sword; 26 gold pieces The deep elf zephyrmancer gestures at you while chanting.
The bolt of lightning hits you!
Items here: $ )) [ †.
Found a scroll of identify.
The deep elf zephyrmancer points at you and mumbles some strange words.
The bolt of lightning misses you.
The deep elf annihilator hits you with a +0 rapier!
Unknown command.
Found 2 datura-tipped darts.
The deep elf annihilator casts a spell.
The deep elf annihilator blinks!
You closely miss the deep elf zephyrmancer.
The deep elf zephyrmancer is severely wounded.
The deep elf zephyrmancer points at you and mumbles some strange words.
The bolt of lightning hits you!!
You hear a shout!
The deep elf zephyrmancer attacks as you move away!
You block the deep elf zephyrmancer's attack.
The deep elf zephyrmancer gestures at you while chanting.
The bolt of lightning misses you.
The deep elf zephyrmancer gestures at you while chanting.
The bolt of lightning hits you!
* * * LOW HITPOINT WARNING * * *
The bolt of lightning hits you!!
You die...

...
##.##############
...#
#..............#
##.#
#.#####.#.####.##
#.## #.#.# ...#
..# #.#)###...##?
### #.#)#........
# #.#))........ #
#.#...>[e...# #
## #..@..§....##
####.###
#.#...e.....#
.#.....###
#.###........#
(........# #.#
##.......#
............#
##.....##
...........#
#......
.........# .^#.##
.........# (##.#
.........#


You could see a deep elf annihilator and a deep elf zephyrmancer.

Vanquished Creatures
  Jorgrun (D:14)
  Asterion (Elf:1)
  Donald (Orc:2)
  Kirke (Lair:5)
  Roxanne (D:14)
  A stone giant (Orc:2)
  A minotaur (Gauntlet)
  3 ettins
  Snorg (Orc:1)
  A deep elf death mage (Elf:1)
  A great orb of eyes (Gauntlet)
  Erolcha (Orc:1)
  6 hydras
  A jorogumo (shapeshifter) (D:13)
  7 centaur warriors
  5 two-headed ogres
  3 dancing weapons
  6 boulder beetles
  11 death yaks
  Urug (Lair:1)
  2 sun demons (D:13)
  4 soul eaters (D:13)
  A deep elf knight (Elf:2)
  A goliath frog (Lair:5)
  A glowing orange brain (D:13)
  A bog body (Lair:3)
  2 wizards
  2 orc knights
  3 deep elf archers (Elf:1)
  12 deep elf pyromancers
  A necromancer (D:15)
  2 ugly things
  9 deep elf zephyrmancers
  Pikel (D:5)
  3 orc sorcerers
  An oklob plant (D:3)
  15 cyclopes
  2 manticores
  2 centaur zombies (D:15)
  22 elephants
  3 ice statues (IceCv)
  A torpor snail (Lair:3)
  A guardian serpent (Lair:2)
  A smoke demon (D:13)
  3 black mambas
  A guardian serpent (shapeshifter) (D:14)
  A centaur skeleton (D:15)
  16 cane toads
  3 gargoyles
  2 unseen horrors
  Psyche (D:8)
  3 rime drakes
  3 komodo dragons
  4 demonic crawlers (D:13)
  2 freezing wraiths
  2 kobold demonologists
  A hellwing (D:13)
  An anaconda simulacrum (IceCv)
  3 meliai (D:15)
  5 ice devils
  2 red devils (D:13)
  5 trolls
  A harpy skeleton (D:15)
  2 tyrant leeches (Lair:5)
  4 hornets
  3 polar bears
  5 slime creatures
  27 blink frogs
  3 centaur simulacra (Gauntlet)
  4 shadows
  A vampire (D:12)
  A spriggan (Lair:1)
  Sigmund (D:4)
  An air elemental (Elf:1)
  3 ynoxinuls (D:13)
  2 water elementals
  3 wyverns
  A fire elemental (Elf:1)
  12 humans (D:14)
  4 wraiths
  37 yaks
  Grum (Lair:1)
  2 chaos spawn (D:13)
  2 hogs (Lair:5)
  2 steam dragons (D:7)
  8 vampire mosquitoes
  2 death yak simulacra (IceCv)
  A harpy simulacrum (IceCv)
  An acid dragon (D:11)
  A floating eye (D:13)
  16 water moccasins
  An ice beast (D:7)
  29 orc warriors
  5 sky beasts
  3 small abominations (D:13)
  6 black bears
  10 ogres
  15 centaurs
  18 wolves
  2 phantoms (D:7)
  4 lemures (D:5)
  2 kobold brigands
  13 bullfrogs
  3 necrophages
  4 gnoll sergeants
  2 scorpions
  A cane toad simulacrum (IceCv)
  11 wights
  25 killer bees
  The ghost of gabibbone the Poker, a weakling BaWn (D:3)
  The ghost of minbekrie the Poker, a weakling MfGl (D:3)
  9 electric eels
  A vampire bat (D:9)
  3 howler monkeys
  A wyvern simulacrum (Gauntlet)
  9 hounds
  5 jellies
  Crazy Yiuf (D:3)
  17 orc priests
  Jessica (D:3)
  31 orc wizards
  Terence (D:2)
  3 iguanas
  2 polar bear simulacra (IceCv)
  A wolf simulacrum (IceCv)
  11 adders
  20 gnolls
  3 white imps
  3 ufetubi
  2 worms
  2 dart slugs
  85 orcs
  4 bat skeletons (D:9)
  2 bat zombies (D:9)
  5 endoplasms
  4 giant cockroaches
  10 goblins
  4 hobgoblins
  5 jackals (D:1)
  9 kobolds
  6 quokkas
  12 ball pythons
  6 bats
  3 frilled lizards
  9 rats
802 creatures vanquished.

Vanquished Creatures (collateral kills)
  3 elephants (Lair:5)
  A cane toad (Lair:5)
  A blink frog (Lair:5)
  A vampire mosquito (Lair:5)
6 creatures vanquished.

Vanquished Creatures (others)
  A deep elf pyromancer (D:7)
  A human (Lair:5)
  An orc (D:4)
  11 demonic plants (D:13)
  11 foxfires
  26 fulminant prisms
  59 fungi
  128 plants
238 creatures vanquished.

Grand Total: 1046 creatures vanquished

Notes
Turn   | Place    | Note
-------+----------+-------------------------------------------
     0 | D:1      | mopl the Draconian Fire Elementalist began the quest for
                  | the Orb.
     0 | D:1      | Reached XP level 1. HP: 14/14 MP: 3/3
   116 | D:1      | Reached XP level 2. HP: 7/20 MP: 1/5
   130 | D:1      | Learned a level 2 spell: Scorch
   341 | D:1      | Reached skill level 2 in Conjurations
   434 | D:1      | Reached XP level 3. HP: 10/26 MP: 1/7
   438 | D:1      | Learned a level 3 spell: Kindle Blastsparks
  1344 | D:2      | Reached skill level 3 in Spellcasting
  1375 | D:2      | Noticed Terence
  1383 | D:2      | Killed Terence
  1384 | D:2      | Reached skill level 1 in Translocations
  1384 | D:2      | Reached XP level 4. HP: 30/33 MP: 0/8
  1755 | D:3      | Found a runed translucent gate.
  1755 | D:3      | Found a runed translucent gate.
  1760 | D:3      | Found a runed translucent gate.
  1927 | D:3      | Noticed a black bear
  1952 | D:3      | Killed a black bear
  1953 | D:3      | Reached skill level 3 in Conjurations
  1953 | D:3      | Reached skill level 2 in Translocations
  1953 | D:3      | Reached XP level 5. HP: 36/38 MP: 4/10
  2007 | D:3      | Learned a level 4 spell: Iskenderun's Mystic Blast
  2051 | D:3      | Noticed Jessica
  2061 | D:3      | Killed Jessica
  2064 | D:3      | Found a shimmering blue altar of Sif Muna.
  2134 | D:3      | Noticed minbekrie's ghost (weakling MfGl)
  2135 | D:3      | Noticed gabibbone's ghost (weakling BaWn)
  2242 | D:3      | Reached XP level 6. HP: 22/45 MP: 1/11
  2368 | D:3      | Found a blossoming altar of Fedhas.
  2394 | D:3      | Noticed an oklob plant
  2727 | D:4      | Reached skill level 4 in Spellcasting
  2750 | D:4      | Reached skill level 4 in Conjurations
  2750 | D:4      | Reached skill level 3 in Translocations
  2821 | D:4      | Found a shadowy altar of Dithmenos.
  2821 | D:4      | Noticed a shadow
  2824 | D:4      | Found a hazy altar of Hepliaklqana.
  2976 | D:4      | Your scales start taking on a pale cyan-grey colour.
  2976 | D:4      | Reached XP level 7. HP: 36/45 MP: 4/14
  2976 | D:4      | Gained mutation: You are immune to the effects of steam.
                  | [Pale Draconian growth]
  3218 | D:4      | Reached skill level 5 in Conjurations
  3409 | D:4      | Reached skill level 5 in Spellcasting
  3432 | D:4      | Noticed Sigmund
  3513 | D:4      | Killed Sigmund
  3514 | D:4      | Reached skill level 1 in Air Magic
  3571 | D:4      | Found a glowing golden altar of the Shining One.
  3655 | D:4      | Reached skill level 4 in Fire Magic
  3658 | D:4      | Reached XP level 8. HP: 57/57 MP: 7/16
  3908 | D:4      | Found a snail-covered altar of Cheibriados.
  4095 | D:4      | Found a sparkling altar of Nemelex Xobeh.
  4130 | D:5      | Entered Level 5 of the Dungeon
  4136 | D:5      | Reached skill level 2 in Air Magic
  4151 | D:5      | Reached skill level 5 in Fire Magic
  4157 | D:5      | Reached skill level 6 in Conjurations
  4302 | D:5      | Found a white marble altar of Elyvilon.
  4302 | D:5      | Found a bloodstained altar of Trog.
  4337 | D:5      | Noticed Pikel
  4352 | D:5      | Killed Pikel
  4353 | D:5      | Reached skill level 6 in Spellcasting
  4353 | D:5      | Reached skill level 6 in Fire Magic
  4805 | D:6      | Learned a level 4 spell: Flame Wave
  4830 | D:6      | Reached skill level 7 in Fire Magic
  4830 | D:6      | Reached XP level 9. HP: 62/62 MP: 10/18
  4873 | D:5      | Reached skill level 7 in Conjurations
  5025 | D:6      | Reached skill level 8 in Fire Magic
  5106 | D:6      | You fall into a shaft and drop 3 floors!
  5233 | D:9      | Found a shimmering altar of Xom.
  5316 | D:9      | Found a hide-covered altar of Uskayaw.
  5323 | D:9      | Reached skill level 7 in Spellcasting
  5328 | D:9      | Reached skill level 9 in Fire Magic
  5613 | D:9      | Found a stormy altar of Qazlal.
  5804 | D:9      | Found an ancient bone altar of Kikubaaqudgha.
  5811 | D:9      | Reached skill level 8 in Conjurations
  5811 | D:9      | Reached XP level 10. HP: 69/69 MP: 18/21
  6150 | D:9      | Found Aclettasun's Weapon Shop.
  6250 | D:8      | Noticed Psyche
  6257 | D:8      | Killed Psyche
  6258 | D:8      | Reached skill level 10 in Fire Magic
  6336 | D:8      | Noticed a gargoyle
  6344 | D:8      | Killed a gargoyle
  6544 | D:8      | Found a staircase to the Lair.
  6559 | D:8      | Reached skill level 8 in Spellcasting
  6572 | D:8      | Found a flagged portal.
  6589 | Bailey   | Entered a bailey
  6661 | Bailey   | Reached skill level 1 in Shields
  6661 | Bailey   | Reached skill level 1 in Evocations
  6831 | Bailey   | Found a large runed translucent door.
  6831 | Bailey   | Found a large runed translucent door.
  6832 | Bailey   | Noticed a deep elf pyromancer
  6833 | Bailey   | Noticed an orc knight
  6874 | Bailey   | Killed an orc knight
  6875 | Bailey   | Reached skill level 11 in Fire Magic
  7085 | Bailey   | Killed a deep elf pyromancer
  7086 | Bailey   | Reached skill level 2 in Shields
  7086 | Bailey   | Reached skill level 2 in Evocations
  7192 | D:8      | Found a sacrificial altar of Ru.
  7602 | D:7      | Reached XP level 11. HP: 56/74 MP: 8/23
  7712 | D:7      | Reached skill level 9 in Conjurations
  7712 | D:7      | Reached skill level 3 in Evocations
  7813 | D:6      | Found a staircase to the Ecumenical Temple.
  7821 | Temple   | Entered the Ecumenical Temple
  7828 | Temple   | Became a worshipper of Vehumet
  8435 | D:7      | Found a broken altar of Ashenzari.
  8526 | D:7      | Reached skill level 3 in Shields
  8698 | D:7      | Learned a level 4 spell: Fulminant Prism
  9146 | D:7      | Noticed a deep elf pyromancer
  9158 | D:7      | Killed a deep elf pyromancer
  9159 | D:7      | Reached skill level 1 in Staves
  9164 | D:7      | Reached * piety under Vehumet
  9164 | D:7      | Offered knowledge of Freeze by Vehumet.
  9165 | D:7      | Reached skill level 1 in Hexes
  9186 | D:7      | Reached skill level 12 in Fire Magic
  9436 | Lair:1   | Entered Level 1 of the Lair of Beasts
  9448 | Lair:1   | Reached skill level 4 in Evocations
  9452 | Lair:1   | Reached skill level 2 in Staves
  9462 | Lair:1   | Reached skill level 2 in Hexes
  9478 | Lair:1   | Reached skill level 4 in Shields
  9592 | Lair:1   | Found a gate leading to a gauntlet.
  9610 | Gauntlet | Entered a Gauntlet
  9610 | Gauntlet | Found a transporter.
  9610 | Gauntlet | Found a transporter.
  9610 | Gauntlet | Found a transporter.
  9614 | Gauntlet | Found a transporter.
  9614 | Gauntlet | Found a transporter.
  9615 | Gauntlet | Found a transporter.
  9657 | Gauntlet | Found a transporter.
  9659 | Gauntlet | Found a transporter.
  9675 | Gauntlet | Found a transporter.
  9697 | Gauntlet | Found a transporter.
  9700 | Gauntlet | Noticed a brown ugly thing
  9700 | Gauntlet | Noticed a great orb of eyes
  9717 | Gauntlet | Found a transporter.
  9720 | Gauntlet | Found a transporter.
  9822 | Gauntlet | Reached skill level 9 in Spellcasting
  9832 | Gauntlet | Identified the +0 cloak of Upioqiamy {rPois Will+ MP+9}
  9919 | Gauntlet | Killed a great orb of eyes
  9920 | Gauntlet | Reached skill level 3 in Staves
  9920 | Gauntlet | Reached skill level 5 in Evocations
  9920 | Gauntlet | Reached XP level 12. HP: 53/81 MP: 10/25
 10031 | Gauntlet | Noticed a minotaur
 10041 | Gauntlet | Killed a minotaur
 10112 | Lair:1   | Noticed Urug
 10129 | Lair:1   | Killed Urug
 10129 | Lair:1   | Reached ** piety under Vehumet
 10130 | Lair:1   | Reached skill level 3 in Hexes
 10163 | Lair:1   | Noticed a death yak
 10177 | Lair:1   | Offered knowledge of Shock by Vehumet.
 10185 | Lair:1   | Reached skill level 13 in Fire Magic
 10203 | Lair:1   | Reached skill level 4 in Staves
 10207 | Lair:1   | Reached skill level 5 in Shields
 10208 | Lair:1   | Noticed a death yak
 10208 | Lair:1   | Noticed a death yak
 10227 | Lair:1   | Noticed a death yak
 10454 | D:8      | Killed a death yak
 10455 | D:8      | Reached skill level 10 in Conjurations
 10520 | D:8      | Killed a death yak
 10612 | D:8      | Killed a death yak
 10613 | D:8      | Reached skill level 5 in Staves
 10751 | Lair:1   | Reached skill level 6 in Evocations
 10771 | Lair:1   | Killed a death yak
 10918 | Lair:1   | Noticed Grum
 10930 | Lair:1   | Offered knowledge of Poisonous Vapours by Vehumet.
 10934 | Lair:1   | Killed Grum
 11395 | Lair:1   | Reached skill level 6 in Staves
 11398 | Lair:1   | Reached *** piety under Vehumet
 11647 | Lair:2   | Reached skill level 6 in Shields
 11654 | Lair:2   | Found a frozen archway.
 11688 | IceCv    | Entered an ice cave
 11712 | IceCv    | Reached skill level 14 in Fire Magic
 11712 | IceCv    | Reached XP level 13. HP: 76/86 MP: 14/26
 12289 | IceCv    | Offered knowledge of Mephitic Cloud by Vehumet.
 12405 | IceCv    | Identified the +7 short sword of Deut Jaycali {drain, Str+3
                  | Int+3}
 12731 | Lair:2   | Reached skill level 7 in Evocations
 12733 | Lair:2   | Reached skill level 7 in Staves
 12741 | Lair:1   | Reached **** piety under Vehumet
 12944 | Lair:2   | Reached skill level 10 in Spellcasting
 13301 | Lair:2   | Found a staircase to the Snake Pit.
 14041 | Lair:3   | Offered knowledge of Ignite Poison by Vehumet.
 14103 | Lair:3   | Reached skill level 8 in Staves
 14108 | Lair:3   | Reached skill level 7 in Shields
 14178 | Lair:3   | Reached skill level 11 in Conjurations
 14181 | Lair:3   | Found a staircase to the Swamp.
 14659 | Lair:4   | Found a staircase to the Slime Pits.
 14676 | Lair:4   | Learned a level 6 spell: Starburst
 14740 | Lair:4   | Identified the +0 robe "Piriggism" {rC+ rN+ Stlth+}
 14894 | Lair:4   | Reached skill level 15 in Fire Magic
 14973 | Lair:4   | Identified the +1 ring mail "Ankesoips" {rC- Str+3 Dex+2
                  | Stlth+}
 15556 | Lair:5   | Entered Level 5 of the Lair of Beasts
 15569 | Lair:4   | Reached skill level 8 in Evocations
 15629 | Lair:5   | Reached skill level 2 in Dodging
 15644 | Lair:5   | Reached XP level 14. HP: 56/94 MP: 5/28
 15653 | Lair:5   | Reached skill level 1 in Fighting
 15891 | Lair:5   | Reached skill level 9 in Staves
 16062 | Lair:4   | Reached skill level 2 in Fighting
 16593 | Lair:5   | Reached ***** piety under Vehumet
 16593 | Lair:5   | Offered knowledge of Sticky Flame by Vehumet.
 16616 | Lair:5   | Learned a level 4 spell: Sticky Flame
 16622 | Lair:5   | Learned a level 5 spell: Irradiate
 16670 | Lair:5   | Reached skill level 3 in Dodging
 16813 | Lair:5   | Noticed Kirke
 16819 | Lair:5   | Killed Kirke
 16938 | Lair:5   | Reached skill level 3 in Fighting
 16953 | Lair:5   | Identified the +2 leather armour of Servitude {-Tele Harm
                  | rF+++ Int-2}
 17456 | Lair:4   | Reached skill level 8 in Shields
 17633 | D:3      | Killed minbekrie's ghost
 17636 | D:3      | Killed gabibbone's ghost
 17715 | D:3      | Reached skill level 1 in Transmutations
 17801 | D:3      | Found a runed translucent door.
 17801 | D:3      | Identified the +11 hammer "Newtbane" {antimagic, rPois
                  | Str+3 Dex+3}
 17802 | D:3      | Noticed Crazy Yiuf
 17808 | D:3      | Killed Crazy Yiuf
 17813 | D:3      | Identified the +6 hammer of False Hope {vorpal, rC+}
 17940 | D:10     | Entered Level 10 of the Dungeon
 18569 | D:11     | Found a transporter.
 18585 | D:11     | Found a one-way gate to the infinite horrors of the Abyss.
 18585 | D:11     | Noticed gabibbone's ghost (journeyman DrAE)
 18648 | D:11     | Found a transporter.
 18722 | D:11     | Reached skill level 10 in Staves
 18832 | D:11     | Reached skill level 16 in Fire Magic
 19197 | D:11     | Found a staircase to the Orcish Mines.
 19469 | Orc:1    | Entered Level 1 of the Orcish Mines
 19472 | Orc:1    | Noticed Erolcha
 19518 | Orc:1    | Killed Erolcha
 19519 | Orc:1    | Reached skill level 2 in Transmutations
 19519 | Orc:1    | Reached skill level 9 in Evocations
 19579 | Orc:1    | Offered knowledge of Iron Shot by Vehumet.
 19699 | Orc:1    | Noticed Snorg
 19715 | Orc:1    | Killed Snorg
 19778 | Orc:1    | Found a transporter.
 19781 | Orc:1    | Noticed a stone giant
 19782 | Orc:1    | Found a transporter.
 19813 | Orc:1    | Reached skill level 4 in Fighting
 20026 | Orc:2    | Entered Level 2 of the Orcish Mines
 20405 | Orc:2    | Reached XP level 15. HP: 63/110 MP: 11/29
 20625 | Orc:2    | Reached skill level 4 in Dodging
 20625 | Orc:2    | Reached skill level 11 in Spellcasting
 20729 | Orc:2    | Found Weblaz's Antique Weapon Shoppe.
 20754 | Orc:2    | Found Kosofasa's General Store.
 20763 | Orc:2    | Bought a scroll of blinking for 82 gold pieces
 20763 | Orc:2    | Bought 2 scrolls of identify for 44 gold pieces
 20763 | Orc:2    | Identified a scroll of acquirement
 20777 | Orc:2    | Found Waqoza's Book Shoppe.
 20996 | Orc:2    | Found Arphyrch's Antique Armour Shoppe.
 21045 | Orc:2    | Found a staircase to the Elven Halls.
 21448 | D:12     | Offered knowledge of Fireball by Vehumet.
 21636 | Lair:1   | Learned a level 5 spell: Fireball
 21845 | D:12     | Reached skill level 3 in Transmutations
 22981 | D:13     | Reached skill level 12 in Conjurations
 23217 | D:13     | Reached skill level 5 in Fighting
 23361 | D:13     | Reached skill level 11 in Staves
 24016 | D:13     | Reached skill level 9 in Shields
 24341 | D:13     | Got Faett's Lectures on the Welkin and Direction
 24617 | D:14     | Found a gate to the Vaults.
 24781 | D:14     | Noticed Jorgrun
 24862 | D:14     | Reached skill level 4 in Transmutations
 24863 | D:14     | Killed Jorgrun
 25001 | D:14     | Noticed Roxanne
 25223 | D:14     | Killed Roxanne
 25224 | D:14     | Reached skill level 5 in Dodging
 25254 | D:14     | Found a transporter.
 25272 | D:14     | Found a transporter.
 25334 | D:14     | Found a transporter.
 25348 | D:14     | Found a transporter.
 25547 | D:14     | Found a hazy altar of Hepliaklqana.
 25817 | D:15     | Entered Level 15 of the Dungeon
 26067 | D:15     | Reached skill level 17 in Fire Magic
 26074 | D:15     | Found a staircase to the Depths.
 26147 | D:15     | Reached XP level 16. HP: 104/122 MP: 31/31
 26159 | D:15     | Reached skill level 10 in Evocations
 26598 | Elf:1    | Entered Level 1 of the Elven Halls
 26601 | Elf:1    | Noticed Donald
 26604 | Elf:1    | Offered knowledge of Lightning Bolt by Vehumet.
 26704 | Orc:2    | Killed Donald
 26792 | Elf:1    | Noticed Asterion
 26809 | Elf:1    | Killed Asterion
 26810 | Elf:1    | Reached skill level 6 in Fighting
 27105 | Elf:1    | You fall into a shaft and drop 1 floor!
 27406 | Elf:1    | Reached skill level 12 in Staves
 27406 | Elf:1    | Reached skill level 5 in Transmutations
 27423 | Elf:1    | Killed from afar by a deep elf zephyrmancer

Illustrated notes

Levels and vault maps discovered:
D:1:      elethiomel_arrival_maze, layout_basic, minmay_misc_feat_four_crosses,
          minmay_misc_feat_pillars, kennysheep_flooded_box
D:2:      layout_loops_ring, chequers_serial_rivers_room_a, uniq_terence
D:3:      layout_rooms, tgw_fedhas, tgw_sif, gammafunk_ghost_cemetery,
          uniq_crazy_yiuf_cottage
D:4:      minmay_chambers_of_threes, layout_loops_corners,
          riverfiend_overflow_shadow_ancestor, mainiacjoe_overflow_swirl,
          nemelex_dance_club_becter, uniq_sigmund
D:5:      layout_cave_pools, gammafunk_temple_overflow_elements, serial_rivers,
          chequers_serial_rivers_micro_e, chequers_serial_rivers_micro_a,
          chequers_serial_rivers_large_a, chequers_serial_rivers_micro_e,
          chequers_serial_rivers_small_b, abandoned_shop, uniq_pikel
D:6:      layout_rooms, minmay_temple_entry_ruins, lemuel_flamethrower_1
D:7:      layout_loops_ring, general_overflow_altar, nzn_random_ring
D:8:      layout_basic, lemuel_coloured_pillars_altar, erik_lair_island,
          enter_bailey_5, uniq_psyche
D:9:      layout_loops_cross, kennysheep_vampire_church,
          mainiacjoe_overflow_alcove_4, nicolae_overflow_crystal_walls,
          mainiacjoe_overflow_24_doors, serial_shops, nicolae_shop_trees
D:10:     minmay_goldmine, layout_rooms, kennysheep_generic_room_3
D:11:     layout_basic, hiddenorc1_lemuel, gammafunk_ghost_abyssal_escape,
          serial_aquarium, aquarium_bridge_island_small
          [aquarium_subvault_small_open, aquarium_subvault_wall,
          aquarium_subvault_bridge, aquarium_subvault_window,
          aquarium_subvault_window], aquarium_bridge_straight
          [aquarium_subvault_bridge, aquarium_subvault_wall,
          aquarium_subvault_bridge, aquarium_subvault_balcony],
          aquarium_window_fake, aquarium_window_fake, aquarium_view_2e,
          aquarium_pool_corner
D:12:     layout_grid_maze, onia_ninara_dug_in_and_dangerous
D:13:     cheibrodos_hippocracy, layout_irregular_city, serial_demonic,
          serial_demonic_e, serial_demonic_b, serial_demonic_c,
          serial_demonic_f, serial_demonic_f, serial_demonic_b,
          serial_demonic_c, serial_demonic_f
D:14:     layout_roguey, ximxim_vaults_locker_room,
          nicolae_hepliaklqana_hippocampus, minmay_misc_feat_encased,
          nicolae_transporter_intersection, uniq_jorgrun, uniq_roxanne
D:15:     grunt_enter_depths_magical_seal, layout_rooms, dk_noncrumbling_3
Temple:   nicolae_temple_ecumenical_triangle
Lair:1:   layout_loops_ring, gauntlet_entry_generic, uniq_grum, uniq_urug
Lair:2:   layout_misc_corridors, minmay_snake_entry_spellcaster,
          portal_ice_cave_demonic_guard, chequers_serial_rivers_micro_a,
          minmay_holes, forest_entry_grove
Lair:3:   layout_regular_city, skrybe_swamp_entry_bodies,
          grunt_forest_small_clearings, serial_bayou_crossing
Lair:4:   layout_regular_city, slime_entry_1, serial_bayou_lake_a,
          lemuel_fruit_tree
Lair:5:   minmay_lair_end_frog_pond, layout_cave_pods, uniq_kirke
Orc:1:    gammafunk_beogh_shrine, layout_caves, uniq_snorg, uniq_erolcha
Orc:2:    grunt_orc_gardens, layout_diamond_mine, grunt_orc_garden,
          grunt_orc_garden, grunt_orc_garden, grunt_orc_garden, basic_altar
Elf:1:    eino_elf_arrival_shootout, layout_loops_ring, elves_outpost_lemuel,
          uniq_asterion, uniq_donald
Elf:2:    nicolae_elf_blades_crystal_corner, layout_loops_cross, serial_shops,
          nicolae_shop_crystal, grunt_ministairs_11

Skill      XL: |  1  2  3  4  5  6  7  8  9 10 11 12 13 14 15 16 |
---------------+-------------------------------------------------+-----
Conjurations   | 2 3 4 5 6 8 9 10 11 12 | 12.5
Spellcasting   | 3 4 5 6 7 8 9 10 11 | 11.6
Translocations | 1 2 3 |  3.0
Air Magic      | 1 2 |  2.0
Fire Magic     | 4 7 9 11 12 14 15 16 17 | 17.4
Shields        | 2 4 6 7 8 9 |  9.6
Evocations     | 2 5 6 8 9 10 | 10.3
Staves         | 3 6 8 10 11 12 | 12.0
Hexes          | 2 3 |  3.0
Dodging        | 2 3 5 |  5.7
Fighting       | 4 5 6 |  6.3
Transmutations | 2 4 5 |  5.0
Stealth        | |  1.7

Action                   |  1- 3 |  4- 6 |  7- 9 | 10-12 | 13-15 | 16-18 || total
-------------------------+-------+-------+-------+-------+-------+-------++-------
Melee: Unarmed           |    89 |       |       |       |       |       ||    89
       Tailslap          |    14 |    20 |     8 |    35 |    45 |    10 ||   132
       Punch             |     1 |     1 |     1 |     1 |     1 |       ||     5
       Short sword       |    51 |    39 |       |       |       |       ||    90
       Dagger            |       |    78 |    50 |    35 |       |       ||   163
       Demon whip        |       |       |       |    30 |       |       ||    30
       Staff             |       |       |       |    66 |   202 |    68 ||   336
Throw: Dart              |       |       |       |     2 |       |       ||     2
 Cast: Foxfire           |     8 |       |       |       |       |       ||     8
       Scorch            |    27 |    41 |   110 |   309 |   752 |       ||  1239
       Kindle Blastspark |       |       |     1 |     6 |     7 |       ||    14
       Iskenderun's Myst |       |       |       |    15 |    82 |    13 ||   110
       Flame Wave        |       |       |       |     5 |     8 |       ||    13
       Fulminant Prism   |       |       |       |       |    26 |       ||    26
       Starburst         |       |       |       |       |    45 |     1 ||    46
       Fireball          |       |       |       |       |    52 |    52 ||   104
       Irradiate         |       |       |       |       |     6 |     1 ||     7
       Sticky Flame      |       |       |       |       |     1 |       ||     1
 Abil: Breathe Steam     |       |       |    21 |    57 |   102 |     5 ||   185
Evoke: Wand              |       |       |       |     4 |     3 |       ||     7
       Condenser vane    |       |       |       |     1 |     1 |       ||     2
       Box of beasts     |       |       |       |       |     1 |       ||     1
       Lightning rod     |       |       |       |       |     4 |       ||     4
  Use: Scroll            |       |       |       |    16 |    14 |     1 ||    31
       Potion            |       |       |       |     2 |     3 |       ||     5
 Stab: Sleeping          |     1 |     2 |     1 |       |       |     1 ||     5
Armor: Skin              |    54 |    63 |    47 |   148 |   285 |    28 ||   625
Dodge: Dodged            |   124 |    84 |    89 |   211 |   304 |    37 ||   849
Block: Kite shield       |       |       |       |       |   305 |    66 ||   371

Table legend: (Time is in decaauts)
 A = Elapsed time spent in this place.
 B = Non-inter-level travel time spent in this place.
 C = Inter-level travel time spent in this place.
 D = Time resting spent in this place.
 E = Time spent auto-exploring this place.
 F = Levels seen in this place.
 G = Mean time per level.
                   A        B        C        D        E       F      G
               +--------+--------+--------+--------+--------+-----+--------+
         Total |  27519 |  25572 |   1947 |   5914 |  13000 |  28 |  982.8 |
       Dungeon |  16736 |  15234 |   1502 |   3027 |   8678 |  15 | 1115.7 |
        Temple |     12 |      7 |      5 |      0 |      0 |   1 |   12.0 |
          Lair |   6432 |   6158 |    274 |   1293 |   3399 |   5 | 1286.4 |
  Orcish Mines |   2108 |   1946 |    162 |    852 |    733 |   2 | 1054.0 |
   Elven Halls |    393 |    391 |      2 |    100 |    107 |   2 |  196.5 |
        Bailey |    566 |    566 |      0 |    125 |     52 |   1 |  566.0 |
      Ice Cave |    772 |    772 |      0 |    333 |     22 |   1 |  772.0 |
      Gauntlet |    497 |    497 |      0 |    184 |      9 |   1 |  497.0 |
               +--------+--------+--------+--------+--------+-----+--------+

Top non-repeatable levels by time:
    D:13: 2147 daAuts
  Lair:1: 1538 daAuts
  Lair:5: 1525 daAuts
     D:8: 1484 daAuts
     D:4: 1470 daAuts
     D:7: 1386 daAuts
  Lair:4: 1372 daAuts
    D:14: 1260 daAuts
    D:12: 1182 daAuts
     D:3: 1171 daAuts
     D:9: 1126 daAuts
   Orc:1: 1099 daAuts
     D:1: 1043 daAuts
    D:11: 1036 daAuts
   Orc:2: 1009 daAuts
